 Dungeon Crawl Stone Soup version 0.29-a0-732-g3d7fbe0af2 (webtiles) character file.

Game seed: 7385253154298950092

20 coolguy69 the Sneak (level 2, -2/16 HPs)
             Began as a Vine Stalker Monk on June 30, 2022.
             Slain by a gnoll
             ... wielding a +0 flail
              (4 damage)
             ... on level 1 of the Dungeon.
             The game lasted 00:00:33 (837 turns).

coolguy69 the Sneak (Vine Stalker Monk)              Turns: 837, Time: 00:00:33

Health: -2/16      AC:  2    Str: 13    XL:     2   Next: 79%
Magic:  0/3        EV: 13    Int: 10    God:
Gold:   39         SH:  0    Dex: 16    Spells: 1/1 levels left

rFire   . . .      SeeInvis .   a - +0 short sword
rCold   . . .      Faith    .   (no shield)
rNeg    . . .      Spirit   +   b - +0 robe
rPois   .          Reflect  .   (no helmet)
rElec   .          Harm     .   (no cloak)
rCorr   .          Rampage  .   (no gloves)
Will    .....                   (no boots)
Stlth   ++........              (no amulet)
HPRegen 0.05/turn               (no ring)
MPRegen 0.08/turn               (no ring)

@: no status effects
A: fangs 2, magic shield, antimagic bite, no potion heal 2
a: no special abilities


You were on level 1 of the Dungeon.
You visited 1 branch of the dungeon, and saw 1 of its levels.

You collected 39 gold pieces.

Inventory:

Hand Weapons
 a - a +0 short sword (weapon)
Armour
 b - a +0 robe (worn)
Scrolls
 d - 2 scrolls of immolation {unknown}
Potions
 c - a potion of ambrosia
 e - a potion of brilliance {unknown}
 f - a potion of might {unknown}


   Skills:
 + Level 2.9 Fighting
 + Level 2.9 Short Blades
 + Level 2.6 Dodging
 + Level 3.0 Stealth


You had one spell level left.
You didn't know any spells.
Your spell library contained the following spells:

 Spells                   Type           Power      Damage    Failure   Level
 Gell's Gravitas          Tloc           0%         N/A       75%         3
 Inner Flame              Hex/Fire       0%         N/A       75%         3
 Lesser Beckoning         Tloc           0%         N/A       75%         3
 Teleport Other           Tloc           0%         N/A       75%         3
 Cause Fear               Hex            0%         N/A       98%         4
 Discord                  Hex            0%         N/A       100%        8


Dungeon Overview and Level Annotations

Branches:
Dungeon (1/15)

Altars:


Innate Abilities, Weirdness & Mutations

You have extremely sharp teeth.
When hurt, damage is shared between your health and your magic reserves.
Your bite disrupts and absorbs the magic of your enemies.
Potions cannot restore your health.


Message History

You strike the helpless frilled lizard from behind!
You puncture the frilled lizard!
You kill the frilled lizard!
Key pressed, stopping explore.
No target in view!
No target in view!
No target in view!
Things that are here:
a +0 dagger; 4 stones; a kobold corpse
Things that are here:
a +0 whip; 2 stones; a kobold corpse No target in view!
Things that are here:
a +0 dagger; 4 stones; a kobold corpse
f - a metallic grey potion No target in view!
A gnoll comes into view. It is wielding a +0 flail.
You hit the gnoll but do no damage. Your bite misses the gnoll.
The gnoll hits you with a +0 flail.
A gnoll is nearby!
You closely miss the gnoll. You bite the gnoll. You drain its power.
You feel invigorated.
The gnoll is lightly wounded.
The gnoll hits you with a +0 flail!
A gnoll is nearby!
You are too injured to fight recklessly!
A gnoll is nearby!
You are too injured to fight recklessly!
You are too injured to fight recklessly!
You are too injured to fight recklessly!
You are too injured to fight recklessly!
You barely miss the gnoll. You punch the gnoll, but do no damage.
You bite the gnoll. You drain its power.
You feel invigorated.
The gnoll is moderately wounded.
The gnoll hits you with a +0 flail!
* * * LOW HITPOINT WARNING * * *
You hit the gnoll. You bite the gnoll, but do no damage.
The gnoll is moderately wounded.
The gnoll hits you with a +0 flail.
You die...

#..........#####. #
#.#.##.............
# . #.####..######
.......#.###..#
##.#..###.##..# #.#
##....#
##.###.##.##
#g#.###.# #@## #.#
###.# #.# ...# #.#
#..# #.# #..# #.#
#..# #.# #..####.#
#.......# ########
#...##### #.......


You could see a gnoll.

Vanquished Creatures
  2 ball pythons (D:1)
  2 endoplasms (D:1)
  2 giant cockroaches (D:1)
  3 goblins (D:1)
  A hobgoblin (D:1)
  2 bats (D:1)
  4 frilled lizards (D:1)
  2 kobolds (D:1)
18 creatures vanquished.

Notes
Turn   | Place    | Note
-------+----------+-------------------------------------------
     0 | D:1      | coolguy69 the Vine Stalker Monk began the quest for the
                  | Orb.
     0 | D:1      | Reached XP level 1. HP: 11/11 MP: 2/2
   445 | D:1      | Reached XP level 2. HP: 16/16 MP: 3/3
   704 | D:1      | Reached skill level 3 in Stealth
   837 | D:1      | Slain by a gnoll

Illustrated notes

Levels and vault maps discovered:
D:1:      eino_arrival_cavern_e, layout_loops_ring,
          shapermc_ecumenical_altar_notcrosses

Skill      XL: |  1  2 |
---------------+-------+-----
Stealth        | 3 |  3.0
Fighting       | |  2.9
Short Blades   | |  2.9
Dodging        | |  2.6

Action                   || total
-------------------------++-------
Melee: Short sword       ||    47
       Bite              ||    13
       Punch             ||     1
 Stab: Sleeping          ||     4
       Distracted        ||     1
Armor: Robe              ||     6
Dodge: Dodged            ||    23

Table legend: (Time is in decaauts)
 A = Elapsed time spent in this place.
 B = Non-inter-level travel time spent in this place.
 C = Inter-level travel time spent in this place.
 D = Time resting spent in this place.
 E = Time spent auto-exploring this place.
 F = Levels seen in this place.
 G = Mean time per level.
                   A        B        C        D        E       F      G
               +--------+--------+--------+--------+--------+-----+--------+
         Total |    835 |    835 |      0 |      0 |    723 |   1 |  835.0 |
       Dungeon |    835 |    835 |      0 |      0 |    723 |   1 |  835.0 |
               +--------+--------+--------+--------+--------+-----+--------+

Top non-repeatable levels by time:
     D:1: 835 daAuts
